 Dungeon Sprint DCSS version 0.28.0-43-g3370ac3207 (webtiles) character file.

Game seed: 5161683822978462492

2800000 smarlow the Archmage (level 21, -17/187 HPs)
             Began as a Djinni Warper on Mar 3, 2022.
             Was the Champion of Makhleb.
             Demolished by a large bag of meat
             ... wielding a +9 giant spiked club
              (91 damage)
             ... in the Dungeon (Sprint VIII: "Arena of Blood").
             The game lasted 00:01:57 (28 turns).

smarlow the Archmage (Djinni Warper)                  Turns: 28, Time: 00:01:59

Health: -17/187    AC:  6    Str: 10    XL:     21   Next: 62%
Gold:   0          EV: 33    Int: 17    God:    Makhleb [******] SH:  0 Dex: 22

rFire   + + .      SeeInvis .   i - +∞ Axe of Woe
rCold   x . .      Faith    .   (shield currently unavailable)
rNeg    . . .      Spirit   .   b - +0 leather armour
rPois   ∞          Reflect  .   (no helmet)
rElec   .          Harm     .   (no cloak)
rCorr   .          Rampage  .   (no gloves)
Will    ++...      NoTele   +   (boots unavailable)
Stlth   ++........              (no amulet)
HPRegen 0.41/turn               (no ring)
MPRegen 0.00/turn               (no ring)

@: forested, flying
A: sickness immunity, fire resistance 2, cold vulnerability 1, float, innate
caster, HP casting, extra vitality 1
a: Renounce Religion, Minor Destruction, Lesser Servant of Makhleb, Major
Destruction, Greater Servant of Makhleb


You were in the Dungeon.
You worshipped Makhleb.
Makhleb was exalted by your worship.
You visited 1 branch

Inventory:

Hand Weapons
 a - a +0 hand axe
 i - the +∞ Axe of Woe (weapon)
   (You found it in the Dungeon)
Missiles
 d - 5 boomerangs of dispersal (quivered)
Armour
 b - a +0 leather armour (worn)
Scrolls
 c - 2 scrolls of blinking
Potions
 e - a potion of curing
 f - a potion of heal wounds
 g - a potion of haste
 h - a potion of berserk rage


   Skills:
 O Level 27 Fighting
 O Level 27 Axes
 O Level 27 Throwing
 O Level 27 Armour
 O Level 27 Dodging
 O Level 27 Spellcasting


You had 13 spell levels left.
You knew the following spells:

 Your Spells              Type           Power      Damage    Failure   Level
a - Blink                 Tloc           100%       N/A       0%          2
b - Lesser Beckoning      Tloc           86%        N/A       0%          3
c - Gell's Gravitas       Tloc           86%        N/A       0%          3
d - Teleport Other        Tloc           86%        N/A       0%          3
e - Manifold Assault      Tloc           86%        N/A       0%          5
f - Pain                  Necr           100%       1d9       0%          1
g - Poisonous Vapours     Pois/Air       100%       N/A       0%          2
h - Confusing Touch       Hex            86%        N/A       0%          3
i - Petrify               Tmut/Erth      86%        N/A       0%          4
j - Summon Forest         Summ/Tloc      43%        N/A       0%          5
k - Yara's Violent Unrav  Hex/Tmut       43%        3d17      0%          5
l - Dispersal             Tloc           43%        N/A       0%          6
m - Conjure Ball Lightni  Conj/Air       43%        3x3d15    0%          6
n - Eringya's Noxious Bo  Tmut/Pois      43%        N/A       0%          6
o - Monstrous Menagerie   Summ           43%        N/A       1%          7
Your spell library was empty.

Dungeon Overview and Level Annotations

Branches:
Dungeon (1/1)

Altars:
Makhleb


Innate Abilities, Weirdness & Mutations

You are immune to sickness and miasma.
You are immune to poison.
Your flesh is very heat resistant. (rF++)
You are vulnerable to cold. (rC-)
You float through the air rather than walking.
You learn spells naturally, not from books.
Your magical power is your life essence.
You have superior vitality. (+4 MHP)


Message History

Makhleb accepts your kill.
You feel better.
You slash the meat berserker!
You cleave the meat berserker in twain.
You kill the meat berserker!
Makhleb accepts your kill.
You feel better.
You slash the bag of meat! You chop the bag of meat into pieces.
You kill the bag of meat!
Makhleb accepts your kill.
The large bag of meat explodes!
The fiery explosion engulfs your ball lightning.
Your ball lightning completely resists.
The fiery explosion engulfs you. You resist.
You are engulfed in blazing flames.
You resist.
You hear a shout! x2
The large bag of meat is engulfed in blazing flames. x2
Your ball lightning explodes!
The blast of lightning engulfs the bag of meat!!
The bag of meat is lightly wounded.
The blast of lightning engulfs the destroyer!!
The destroyer is lightly damaged.
The blast of lightning engulfs the bag of meat!
The bag of meat is lightly wounded.
The blast of lightning engulfs you!!
You hear a shout! x2; The meat berserker shouts!
You have mastered Throwing!
You have mastered Armour!
Casting: Conjure Ball Lightning (safe; 0% risk of failure)
Confirm with . or Enter, or press ? or * to list all spells.
You blink.
You are engulfed in blazing flames.
You resist.
You hear a shout! x3
A bag of meat comes into view. It is wielding a +9 war axe.
The bag of meat is engulfed in blazing flames.
The bag of meat hits you with a +9 war axe!
The bag of meat is engulfed in blazing flames.
You hear a shout!
The bag of meat is engulfed in blazing flames.
You hear a shout!
The large bag of meat hits you with a +9 giant spiked club!!!
The large bag of meat hits you with a +9 giant spiked club!!!!
You die...

........#.#...♣
...............
.o.............
.....°§§.O.....
oo...Vo§)†.....
.....§o§♣.O°.O.
...♣..o)).O♣...
♣=O.OOO.♣ ..
...###=♣o..°@♣##...
.....ooo###o°°.♣...
#...O.)))_).°......
......#)♣...♣..O....
......♣_=<._♣.......
..... #.....#......#
#.Oo....._..........
O......o###.........
...###... ...###. .


You could see a destroyer, 6 large bags of meat, 2 meat berserkers and 9 bags of
meat.

Vanquished Creatures
  10 ogres (D)
  A two-headed ogre (D)
  26 orcs (D)
37 creatures vanquished.

Vanquished Creatures (others)
  3 ball lightnings (D)
3 creatures vanquished.

Grand Total: 40 creatures vanquished

Notes
Turn   | Place    | Note
-------+----------+-------------------------------------------
     0 | D        | Found the +∞ Axe of Woe
     0 | D        | smarlow the Djinni Warper began the quest for the Orb.
     0 | D        | Reached XP level 1. HP: 18/18 MP: 0/0
     2 | D        | Noticed a bag of meat
     2 | D        | Noticed a bag of meat
     4 | D        | Noticed a bag of meat
     4 | D        | Noticed a bag of meat
     5 | D        | Became a worshipper of Makhleb the Destroyer
     5 | D        | Noticed a meat berserker
     6 | D        | Killed a bag of meat
     6 | D        | Noticed a meat berserker
     6 | D        | Noticed a meat berserker
     7 | D        | Reached skill level 10 in Dodging
     7 | D        | Reached skill level 15 in Spellcasting
     7 | D        | Reached XP level 2. HP: 34/34 MP: 0/0
     7 | D        | Reached XP level 3. HP: 39/39 MP: 0/0
     7 | D        | Learned a level 1 spell: Pain
     7 | D        | Reached XP level 4. HP: 45/45 MP: 0/0
     7 | D        | Reached XP level 5. HP: 50/50 MP: 0/0
     7 | D        | Learned a level 2 spell: Poisonous Vapours
     7 | D        | Reached XP level 6. HP: 56/56 MP: 0/0
     7 | D        | Reached XP level 7. HP: 61/61 MP: 0/0
     7 | D        | Learned a level 3 spell: Confusing Touch
     7 | D        | Reached XP level 8. HP: 67/67 MP: 0/0
     7 | D        | Reached XP level 9. HP: 72/72 MP: 0/0
     7 | D        | Learned a level 4 spell: Petrify
     7 | D        | Reached XP level 10. HP: 78/78 MP: 0/0
     7 | D        | Reached XP level 11. HP: 84/84 MP: 0/0
     7 | D        | Learned a level 5 spell: Summon Forest
     7 | D        | Killed a meat berserker
     7 | D        | Reached * piety under Makhleb
     8 | D        | Reached XP level 12. HP: 57/94 MP: 0/0
     8 | D        | Reached XP level 13. HP: 60/99 MP: 0/0
     8 | D        | Learned a level 5 spell: Yara's Violent Unravelling
     8 | D        | Killed a bag of meat
     8 | D        | Killed a bag of meat
     9 | D        | Reached XP level 14. HP: 66/108 MP: 0/0
     9 | D        | Noticed a bag of meat
     9 | D        | Noticed a bag of meat
     9 | D        | Noticed a meat berserker
    10 | D        | Killed a meat berserker
    10 | D        | Reached ** piety under Makhleb
    10 | D        | Noticed a bag of meat
    10 | D        | Noticed a bag of meat
    11 | D        | Reached skill level 5 in Armour
    11 | D        | Reached skill level 15 in Dodging
    11 | D        | Killed a bag of meat
    11 | D        | Killed a meat berserker
    12 | D        | Reached skill level 15 in Fighting
    12 | D        | Reached skill level 5 in Throwing
    12 | D        | Reached XP level 15. HP: 121/121 MP: 0/0
    12 | D        | Learned a level 6 spell: Dispersal
    12 | D        | Noticed a meat berserker
    12 | D        | Noticed a meat berserker
    12 | D        | Noticed a meat berserker
    13 | D        | Killed a meat berserker
    13 | D        | Reached *** piety under Makhleb
    14 | D        | Reached XP level 16. HP: 132/132 MP: 0/0
    15 | D        | Reached **** piety under Makhleb
    16 | D        | Reached XP level 17. HP: 139/139 MP: 0/0
    16 | D        | Learned a level 6 spell: Conjure Ball Lightning
    16 | D        | Noticed a meat berserker
    17 | D        | Killed a meat berserker
    17 | D        | Killed a meat berserker
    17 | D        | Reached ***** piety under Makhleb
    17 | D        | Noticed a large bag of meat
    18 | D        | Reached skill level 27 in Spellcasting
    18 | D        | Reached XP level 18. HP: 155/155 MP: 0/0
    18 | D        | Killed a meat berserker
    18 | D        | Noticed a meat berserker
    19 | D        | Reached skill level 27 in Axes
    19 | D        | Noticed a meat berserker
    19 | D        | Reached ****** piety under Makhleb
    19 | D        | Noticed a large bag of meat
    20 | D        | Reached XP level 19. HP: 171/171 MP: 0/0
    20 | D        | Learned a level 6 spell: Eringya's Noxious Bog
    20 | D        | Noticed a large bag of meat
    20 | D        | Noticed a destroyer
    20 | D        | Noticed a large bag of meat
    20 | D        | Noticed a meat berserker
    21 | D        | Noticed a large bag of meat
    21 | D        | Killed a meat berserker
    21 | D        | Killed a meat berserker
    21 | D        | Noticed a large bag of meat
    21 | D        | Noticed a large bag of meat
    22 | D        | Reached skill level 27 in Fighting
    22 | D        | Reached skill level 27 in Dodging
    22 | D        | Reached XP level 20. HP: 181/181 MP: 0/0
    23 | D        | Noticed a meat berserker
    26 | D        | Reached XP level 21. HP: 187/187 MP: 0/0
    26 | D        | Learned a level 7 spell: Monstrous Menagerie
    26 | D        | Noticed a large bag of meat
    26 | D        | Noticed a meat berserker
    27 | D        | Killed a large bag of meat
    27 | D        | Killed a meat berserker
    28 | D        | Reached skill level 27 in Throwing
    28 | D        | Reached skill level 27 in Armour
    28 | D        | Demolished by a large bag of meat

Illustrated notes

Levels and vault maps discovered:
D:        meatsprint

Skill      XL: |  1  2  3  4  5  6  7  8  9 10 11 12 13 14 15 16 17 18 19 20 21 |
---------------+----------------------------------------------------------------+-----
Fighting       | 9 11 12 15 17 18 22 26 27 | 27.0
Axes           | 8 11 12 16 18 19 25 27 | 27.0
Throwing       | 3 4 5 6 7 17 23 27 | 27.0
Armour         | 3 4 5 6 8 20 26 27 | 27.0
Dodging        | 10 12 14 16 17 18 21 24 27 | 27.0
Spellcasting   | 15 19 21 24 26 27 | 27.0

Action                   |  1- 3 |  4- 6 |  7- 9 | 10-12 | 13-15 | 16-18 | 19-21 || total
-------------------------+-------+-------+-------+-------+-------+-------+-------++-------
Melee: Executioner's axe |     1 |       |       |     1 |     4 |     4 |     5 ||    15
 Cast: Blink             |       |       |       |       |       |       |     2 ||     2
       Summon Forest     |       |       |       |       |       |       |     1 ||     1
       Conjure Ball Ligh |       |       |       |       |       |       |     1 ||     1
Dodge: Dodged            |       |       |       |       |     1 |     1 |     3 ||     5
